 Dungeon Crawl Stone Soup version 0.25-a0-516-g7d600cd9ad (webtiles) character file.

Game seed: 3126282126362687155, levelgen mode: deterministic

105 Gargoyl the Skirmisher (level 4, -1/41 HPs)
             Began as a Centaur Abyssal Knight on Feb 17, 2020.
             Was a Follower of Lugonu.
             Killed from afar by a white imp (11 damage)
             ... with a puff of frost
             ... on level 3 of the Abyss.
             The game lasted 00:01:08 (201 turns).

Gargoyl the Skirmisher (Centaur Abyssal Knight)      Turns: 201, Time: 00:01:09

Health: -1/41      AC:  8    Str: 15    XL:     4   Next: 54%
Magic:  14/14      EV:  2    Int: 11    God:    Lugonu [*.....]
Gold:   20         SH:  0    Dex:  9    Spells: 3/3 levels left

rFire    . . .     SeeInvis .   a - +1 hand axe
rCold    . . .     Gourm    .   (no shield)
rNeg     . . .     Faith    .   e - +0 plate armour
rPois    .         Spirit   .   (no helmet)
rElec    .         Reflect  .   (no cloak)
rCorr    .         Harm     .   (no gloves)
MR       .....                  (no barding)
Stlth    ..........             (no amulet)
HPRegen  0.00/turn              g - ring of magical power
MPRegen  0.14/turn              (no ring)

@: non-regenerating, diseased, very quick
A: large, hooves 3, deformed body, speed 2, tough skin 3
a: Depart the Abyss, Renounce Religion


You were on level 3 of the Abyss.
You worshipped Lugonu.
Lugonu was aware of your devotion.
You were not hungry.

You visited 0 branches of the dungeon, and saw 0 of its levels.
You visited the Abyss 1 time.

You collected 20 gold pieces.

Inventory:

Hand Weapons
 a - a +1 hand axe (weapon)
Armour
 b - a +0 leather armour
 d - a +0 pair of gloves
 e - a +0 plate armour (worn)
Jewellery
 g - a ring of magical power (left hand)
Comestibles
 c - a ration


   Skills:
 + Level 4.5 Fighting
 + Level 2.2 Axes
 + Level 1.8 Armour
 + Level 0.7 Dodging
 + Level 2.4 Invocations


You had 3 spell levels left.
You didn't know any spells.
Your spell library was empty.

Dungeon Overview and Level Annotations

Branches:
Dungeon (0/15)

Altars:


Innate Abilities, Weirdness & Mutations

You have hooves in place of feet.
Armour fits poorly on your strangely shaped body.
You cover ground very quickly.
You have extremely tough skin. (AC +3)


Message History

You stop training Evocations.
Unknown command.
The ancient zyme is engulfed in freezing vapours.
You are suddenly pulled into a different region of the Abyss!
You feel a little less mighty now.
A large abomination comes into view.
Found 14 arrows.
Found a pair of gloves.
A white imp comes into view.
The white imp shouts, "Bolt, thou bumbling fool-born jade!"
A red very ugly thing comes into view.
The red very ugly thing gurgles horribly!
You see here a pair of gloves.
d - a pair of gloves The white imp hits you but does no damage.
You closely miss the white imp. You kick the white imp.
The white imp is lightly wounded.
The white imp gestures at you. The puff of frost hits you!
You die...

#...........(.........
.......................
.........#............
.......................
......#............#...
......................#
..... .................
.......... .#..@.......
.....#.......#..5.....#
.......................
...........##.#......#.
......#................
....................u..
...#. ................#
.......................
..#............. ..


You could see a red very ugly thing and a white imp.

Vanquished Creatures
  A small abomination (Abyss:3)
1 creature vanquished.

Notes
Turn   | Place    | Note
-------+----------+-------------------------------------------
     0 | Abyss:1  | Gargoyl the Centaur Abyssal Knight began the quest for the
                  | Orb.
     0 | Abyss:1  | Reached XP level 1. HP: 19/19 MP: 2/2
    47 | Abyss:1  | Noticed a chaos spawn
    85 | Abyss:2  | Found a corrupted altar of Lugonu.
   134 | Abyss:3  | Noticed a small abomination
   137 | Abyss:3  | Found a corrupted altar of Lugonu.
   143 | Abyss:3  | Killed a small abomination
   143 | Abyss:3  | Reached skill level 4 in Fighting
   143 | Abyss:3  | Reached XP level 2. HP: 28/28 MP: 3/3
   143 | Abyss:3  | Reached XP level 3. HP: 34/34 MP: 4/4
   143 | Abyss:3  | Reached XP level 4. HP: 41/41 MP: 5/5
   146 | Abyss:3  | Noticed an ancient zyme
   175 | Abyss:3  | Noticed a large abomination
   199 | Abyss:3  | Noticed a red very ugly thing
   201 | Abyss:3  | Killed from afar by a white imp

Levels and vault maps discovered:
Abyss:3:  hangedman_abyss_rune_macabre_mess, evilmike_abyss_exit_13

Skill      XL: |  1 |
---------------+----+-----
Fighting       | 4 |  4.5
Axes           | 2 |  2.2
Armour         | |  1.8
Dodging        | |  0.7
Invocations    | |  2.4

Action                   |  1- 3 |  4- 6 || total
-------------------------+-------+-------++-------
Melee: Hand axe          |     1 |     2 ||     3
       Kick              |       |     1 ||     1
Evoke: Wand              |     2 |     3 ||     5
  Use: Potion            |     2 |       ||     2
       Scroll            |     1 |       ||     1
Armor: Plate armour      |       |     1 ||     1

Table legend:
 A = Non-vault XP
 B = Vault XP
 C = Vault XP percentage of total XP
 D = Non-vault monster count
 E = Vault monster count
 F = Vault count percentage of total count
                 A         B        C        D         E       F
            +---------+---------+-------+---------+---------+-------
      Total |     151 |       0 |   0.0 |       1 |       0 |   0.0
            +---------+---------+-------+---------+---------+-------
    Abyss:3 |     151 |       0 |   0.0 |       1 |       0 |   0.0
            +---------+---------+-------+---------+---------+-------
